 Dungeon Crawl Stone Soup version 0.28.0-53-g5a82cb258f (webtiles) character file.

Game seed: 17959245786441455557

545 pesado the Ruffian (level 7, 0/62 HPs)
             Began as a Troll Hunter on May 27, 2022.
             Slain by an orc
             ... wielding a +0 dagger
              (4 damage)
             ... on level 5 of the Dungeon.
             The game lasted 00:04:19 (2806 turns).

pesado the Ruffian (Troll Hunter)                   Turns: 2806, Time: 00:04:20

Health: 0/62       AC:  5    Str: 21    XL:     7   Next: 6%
Magic:  6/6        EV: 10    Int: 13    God:
Gold:   151        SH:  0    Dex: 12    Spells: 6/6 levels left

rFire   . . .      SeeInvis .     - Unarmed
rCold   . . .      Faith    .   (no shield)
rNeg    . . .      Spirit   .   b - +1 robe
rPois   .          Reflect  .   (helmet restricted)
rElec   .          Harm     .   (no cloak)
rCorr   .          Rampage  .   (gloves unavailable)
Will    .....                   (boots unavailable)
Stlth   +.........              f - amulet of Ascent {RegenMP Int+6}
HPRegen 1.00/turn               (no ring)
MPRegen 0.50/turn               (no ring)

@: no status effects
A: large, unfitting armour, claws 3, regeneration 1, shaggy fur 1, tough skin 1
a: no special abilities


You were on level 5 of the Dungeon.
You visited 1 branch of the dungeon, and saw 5 of its levels.

You collected 151 gold pieces.

Inventory:

Missiles
 c - 4 large rocks (quivered)
 d - 4 throwing nets
 o - 3 boomerangs
Armour
 b - a +1 robe (worn)
 k - the +1 robe of Resilience {rF++}
   (You found it on level 4 of the Dungeon)

   rF:        It greatly protects you from fire.
Magical Staves
 e - a staff of air
Jewellery
 f - the amulet of Ascent (around neck) {RegenMP Int+6}
   (You found it on level 2 of the Dungeon)

   [amulet of magic regeneration]

   It increases your rate of magic regeneration.
   Int:       It affects your intelligence (+6).
Wands
 g - a wand of flame (17)
 l - a wand of iceblast (9)
Scrolls
 a - a scroll of immolation
 h - 6 scrolls of identify
 j - a scroll of blinking {unknown}
 m - a scroll of teleportation {unknown}
 n - a scroll of fear {unknown}
Potions
 i - a potion of curing {unknown}


   Skills:
 - Level 1.5 Fighting
 - Level 3.7 Throwing
 - Level 1.5 Dodging
 - Level 0.3 Stealth
 + Level 7.3 Unarmed Combat


You had 6 spell levels left.
You didn't know any spells.
Your spell library was empty.

Dungeon Overview and Level Annotations

Branches:
Dungeon (5/15)
 Temple: D:4-7

Altars:
Xom
The Shining One

Shops:
D:4 ([


Innate Abilities, Weirdness & Mutations

You are too large for most types of armour.
You have claws for hands.
Your natural rate of healing is unusually fast.
You are covered in fur. (AC +1)
You have tough skin. (AC +1)


Message History

A gnoll comes into view. It is wielding a +0 flail.
A gnoll comes into view. It is wielding a +0 club.
You barely miss the gnoll. You claw the gnoll.
You kill the gnoll!
The orc barely misses you.
Items here: ) = ? †.
The orc barely misses you. The orc hits you with a +0 trident.
A gnoll comes into view. It is wielding a +0 halberd.
The gnoll shouts!
You scratch the orc.
The orc is almost dead.
The orc hits you with a +1 falchion of protection.
The orc closely misses you.
You closely miss the orc.
The orc is almost dead.
The ogre barely misses you. The orc hits you but does no damage.
The orc hits you with a +1 falchion of protection.
The orc closely misses you. The orc barely misses you.
The orc hits you but does no damage. The orc barely misses you.
There is an open door here.
You scratch the orc but do no damage.
You swing at nothing.
You completely miss the ogre. The orc hits you with a +0 dagger.
The ogre hits you with a +0 giant spiked club!
You claw the ogre!
The ogre is heavily wounded.
The orc hits you with a +0 dagger.
The ogre hits you with a +0 giant spiked club!!
Throw: 5 large rocks
Press: ? - help, Q - select action, (/) - cycle Shift-Dir - straight line, f/p - ogre
Aim: an ogre, wielding a +0 giant spiked club (heavily wounded, 73% to hit)
You throw a large rock. The large rock hits the ogre.
The ogre is severely wounded.
You hear a shout!
The orc barely misses you.
The ogre hits you with a +0 giant spiked club!
* * * LOW HITPOINT WARNING * * *
The orc hits you with a +0 dagger.
You die...

......'....'...))......'.#
......#....#...).......#.#
########################.#
.........'.#....).#
.........#.#....).#
...g..o.g#.##'###)#
.....g.go#:#....#.#
########O###....#.#
#....o@..'....#'#
###############.. #.. ###
≈≈


You could see an ogre, 2 gnolls and 3 orcs.

Vanquished Creatures
  A scorpion (D:4)
  A howler monkey (D:4)
  A hound (D:4)
  2 jellies (D:5)
  A bullfrog skeleton (D:5)
  A gnoll shaman (D:5)
  An iguana (D:5)
  An orc wizard (D:5)
  3 adders
  13 gnolls
  An ufetubus (D:4)
  2 worms (D:4)
  2 dart slugs
  14 orcs
  3 endoplasms (D:2)
  3 giant cockroaches
  4 goblins
  9 hobgoblins
  4 jackals
  4 quokkas
  7 ball pythons
  4 bats
  2 frilled lizards
  5 kobolds
  5 rats
94 creatures vanquished.

Vanquished Creatures (others)
  21 toadstools (D:5)
21 creatures vanquished.

Grand Total: 115 creatures vanquished

Notes
Turn   | Place    | Note
-------+----------+-------------------------------------------
     0 | D:1      | pesado the Troll Hunter began the quest for the Orb.
     0 | D:1      | Reached XP level 1. HP: 19/19 MP: 0/0
    47 | D:1      | Found a faded altar of an unknown god.
   185 | D:1      | Reached skill level 1 in Unarmed Combat
   293 | D:1      | Reached XP level 2. HP: 25/27 MP: 1/1
   518 | D:1      | Reached skill level 2 in Unarmed Combat
   800 | D:2      | Reached XP level 3. HP: 21/33 MP: 2/2
  1030 | D:2      | Reached skill level 3 in Unarmed Combat
  1194 | D:2      | Identified the amulet of Ascent {RegenMP Int+6}
  1676 | D:3      | You fall into a shaft and drop 1 floor!
  1686 | D:4      | Noticed a scorpion
  1690 | D:4      | Killed a scorpion
  1691 | D:4      | Reached skill level 4 in Unarmed Combat
  1691 | D:4      | Reached XP level 4. HP: 41/41 MP: 3/3
  1727 | D:4      | Found a snail-covered altar of Cheibriados.
  1789 | D:4      | Found Xofech's Armour Boutique.
  1804 | D:4      | Found Tuyg's Weapon Emporium.
  1831 | D:4      | Reached XP level 5. HP: 47/48 MP: 4/4
  1911 | D:4      | Reached skill level 5 in Unarmed Combat
  1930 | D:4      | Identified the +1 robe of Resilience {rF++}
  2001 | D:4      | Found a glowing golden altar of the Shining One.
  2095 | D:4      | Found a glowing silver altar of Zin.
  2095 | D:4      | Found a shimmering altar of Xom.
  2097 | D:4      | Found an ornate altar of the Wu Jian Council.
  2097 | D:4      | Found a snail-covered altar of Cheibriados.
  2097 | D:4      | Found a sacrificial altar of Ru.
  2200 | D:4      | Found Ozudak's Armour Shoppe.
  2374 | D:5      | Entered Level 5 of the Dungeon
  2448 | D:5      | Reached XP level 6. HP: 48/55 MP: 5/5
  2453 | D:5      | Reached skill level 6 in Unarmed Combat
  2650 | D:5      | Reached skill level 7 in Unarmed Combat
  2715 | D:5      | Reached XP level 7. HP: 51/62 MP: 6/6
  2806 | D:5      | Slain by an orc

Illustrated notes

Levels and vault maps discovered:
D:1:      eino_arrival_cavern_e, layout_loops_ring,
          hellmonk_ecumenical_altar_heavens_door
D:2:      layout_basic, minmay_between
D:3:      layout_rooms, general_overflow_altar, cheibrodos_ashenzari_chains,
          gup_sewer_entry_pipe, serial_shops, shop
D:4:      layout_basic, doesnt_xom_only_xom, tso_metal_star, serial_shops, shop,
          nicolae_shop_bloodbath_and_beyond, nicolae_shop_trees,
          dk_noncrumbling_3
D:5:      lemuel_castle_with_subvaults [lemuel_castle_interior_carwin_1],
          layout_gridville, tgw_fedhas

Skill      XL: |  1  2  3  4  5  6 |
---------------+-------------------+-----
Unarmed Combat | 1 2 4 5 7 |  7.3
Fighting       | |  1.5
Throwing       | |  3.7
Dodging        | |  1.5
Stealth        | |  0.3

Action                   |  1- 3 |  4- 6 |  7- 9 || total
-------------------------+-------+-------+-------++-------
Melee: Unarmed           |    90 |   127 |    21 ||   238
       Short sword       |     3 |       |       ||     3
       Punch             |       |     3 |     1 ||     4
Throw: Large rock        |     2 |     6 |     1 ||     9
       Throwing net      |       |     1 |       ||     1
  Use: Scroll            |     3 |       |       ||     3
 Stab: Sleeping          |     1 |       |       ||     1
Armor: Robe              |    37 |    37 |     3 ||    77
Dodge: Dodged            |    55 |    86 |    15 ||   156
